 Dungeon Crawl Stone Soup version 0.25-a0-285-gcba6f664f8 (webtiles) character file.

Game seed: 18378586390782127222, levelgen mode: deterministic

4314 floatRand the Blocker (level 10, 0/80 HPs)
             Began as a Formicid Fighter on Dec 11, 2019.
             Was a Follower of Uskayaw.
             Slain by a two-headed ogre
             ... wielding a cursed -1 giant club
              (19 damage)
             ... on level 9 of the Dungeon.
             The game lasted 00:08:26 (8566 turns).

floatRand the Blocker (Formicid Fighter)            Turns: 8566, Time: 00:08:26

Health: 0/80       AC:  7    Str: 25    XL:     10   Next: 58%
Magic:  0/10       EV: 18    Int:  9    God:    Uskayaw [*.....]
Gold:   377        SH: 12    Dex: 13    Spells: 9/9 levels left

rFire    . . .     SeeInvis +   y - +1 battleaxe
rCold    . . .     Gourm    .   c - +0 shield
rNeg     . . .     Faith    .   p - +2 ring mail {rPois}
rPois    +         Spirit   +   (helmet unavailable)
rElec    .         Reflect  .   s - scarf {Spirit}
rCorr    .         Harm     .   (no gloves)
MR       +....                  (no boots)
Stlth    +++.......             (no amulet)
HPRegen  0.23/turn              (no ring)
MPRegen  0.12/turn              E - +4 ring of evasion

@: mighty
A: permanent stasis, dig shafts and tunnels, four strong arms, antennae 3
a: Dig, Shaft Self, Stomp, Renounce Religion


You were on level 9 of the Dungeon.
You worshipped Uskayaw.
Uskayaw was noncommittal.
You were very hungry.

You visited 2 branches of the dungeon, and saw 10 of its levels.

You collected 377 gold pieces.

Inventory:

Hand Weapons
 i - a cursed +0 short sword
 y - a +1 battleaxe (weapon)
Missiles
 C - 4 datura-tipped darts (quivered)
 D - 6 silver javelins
Armour
 b - a +0 scale mail
 c - a +0 shield (worn)
 k - a +2 cloak
 p - a +2 ring mail of poison resistance (worn)
 s - a scarf of spirit shield (worn)
Jewellery
 l - an uncursed ring of flight
 E - a +4 ring of evasion (right hand)
Wands
 a - a wand of flame (17)
 G - a wand of iceblast (10)
Scrolls
 e - a scroll of identify
 h - a scroll of amnesia {unknown}
 j - 3 scrolls of enchant weapon
 m - 3 scrolls of remove curse
 r - 3 scrolls of vulnerability {unknown}
 t - a scroll of immolation
 v - 3 scrolls of enchant armour
 F - 2 scrolls of magic mapping
Potions
 d - a potion of might
 g - 7 potions of curing
 n - a potion of invisibility
 o - 4 potions of lignification
 q - 2 potions of cancellation {unknown}
 u - a potion of berserk rage {unknown}
 w - 2 potions of mutation {unknown}
 x - a potion of brilliance {unknown}
 z - a potion of magic {unknown}
 A - a potion of flight {unknown}
 B - a potion of ambrosia {unknown}
Comestibles
 f - 16 rations


   Skills:
 + Level 8.0 Fighting
 + Level 6.9 Axes
 - Level 3.4 Armour
 + Level 5.8 Dodging
 + Level 8.4 Stealth
 + Level 8.7 Shields


You had 9 spell levels left.
You didn't know any spells.
Your spell library contained the following spells:

 Spells                   Type           Power        Failure   Level  Hunger
 Foxfire                  Conj/Fire      #...         54%         1    ##.....
 Magic Dart               Conj           #...         54%         1    ##.....
 Call Imp                 Summ           #.......     67%         2    ###....
 Slow                     Hex            #.......     67%         2    ###....
 Conjure Flame            Conj/Fire      #.......     88%         3    ####...
 Inner Flame              Hex/Fire       #.......     88%         3    ####...
 Mephitic Cloud           Conj/Pois/Air  #.......     88%         3    ####...
 Sticky Flame             Conj/Fire      #.......     99%         4    #####..
 Fireball                 Conj/Fire      #.........   100%        5    ######.
 Blink                    Tloc           Unusable     N/A         2    N/A

Dungeon Overview and Level Annotations

Branches:
Dungeon (9/15)             Temple (1/1) D:6
   Lair: D:8-11         Orc: D:9-12

Altars:
Ashenzari
Dithmenos
Elyvilon
Hepliaklqana
Okawaru
Qazlal
Trog
Uskayaw
Zin

Shops:
D:6 =


Innate Abilities, Weirdness & Mutations

You cannot be hasted, slowed, berserked, paralysed or teleported.
You can dig through walls and to a lower floor.
Your four strong arms can wield two-handed weapons with a shield.
You have a pair of large antennae on your head. (SInv)


Message History

You slash the electric eel!
You kill the electric eel!
You hear a splash.
Unknown command.
Unknown command.
You start resting.
You sense a monster nearby.
A two-headed ogre comes into view.
It is wielding a -1 giant club and a +0 giant spiked club.
The two-headed ogre closely misses you. You block the two-headed ogre's attack.
Evoke which item? (* to show all) (? for menu, Esc to quit)
Aiming: Iceblast
Press: ? - help, Shift-Dir - straight line, f - two-headed ogre
Aim: a two-headed ogre, wielding a -1 giant club and a +0 giant spiked club
Okay, then.
You feel very mighty all of a sudden.
Unknown command.
You slash the two-headed ogre!
The two-headed ogre is lightly wounded.
The two-headed ogre hits you with a cursed -1 giant club!!
You die...

.....##.# ####.##.# #.#
...#[##.# #.# ##.#.##.# #.#
######### #.#.##.# #.#
#........ ##....#.# #.###.##
..).....# ###### #.##.#.##
#.#...#####....###.#.###.##
#.##.≈≈≈≈≈≈≈≈≈..@O..## ##.#
#.##≈≈#######≈≈###.#.###..####.
#.#≈≈## { ##≈≈ #.##.#.........
#.≈≈## ##≈≈#.##..#...#####
#(≈## #≈#.##..#....... #.≈#
≈#.##..#...#.## #.≈#
#≈#.##..##.###.# #.≈#
#≈........## #.# #.≈#
#≈.###..##.# ##


You could see a two-headed ogre.

Vanquished Creatures
  Harold (D:8)
  A water moccasin (D:6)
  Purgy (D:3)
  A black bear (D:8)
  An ice beast (D:5)
  2 sky beasts
  7 ogres
  3 orc warriors
  A necrophage (D:8)
  3 centaurs
  Blork the orc (D:6)
  A big kobold (D:7)
  3 bullfrogs
  A water moccasin zombie (D:5)
  2 scorpions
  4 killer bees (D:8)
  An electric eel (D:9)
  4 crimson imps
  2 hounds (D:6)
  2 centaur skeletons (D:9)
  2 jellies
  7 orc wizards
  Terence (D:2)
  2 orc priests
  A gnoll shaman (D:5)
  3 iguanas
  4 worker ants
  3 hound skeletons
  Robin (D:3)
  A worker ant zombie (D:7)
  4 gnolls
  11 adders
  2 shadow imps
  4 oozes
  2 adder skeletons
  A worm (D:3)
  3 dart slugs
  5 leopard geckos
  31 orcs
  5 giant cockroaches
  18 goblins
  12 hobgoblins
  11 jackals
  8 kobolds
  3 quokkas
  2 ball pythons
  7 bats
  5 frilled lizards
  A quokka skeleton (D:6)
  A quokka zombie (D:6)
  7 rats
210 creatures vanquished.

Notes
Turn   | Place    | Note
-------+----------+-------------------------------------------
     0 | D:1      | floatRand the Formicid Fighter began the quest for the Orb.
     0 | D:1      | Reached XP level 1. HP: 18/18 MP: 1/1
   102 | D:1      | Reached XP level 2. HP: 15/24 MP: 2/2
   558 | D:1      | Reached XP level 3. HP: 29/29 MP: 3/3
   762 | D:2      | Reached skill level 1 in Stealth
   779 | D:2      | Reached XP level 4. HP: 30/37 MP: 4/4
   941 | D:2      | Reached skill level 1 in Dodging
   988 | D:2      | Noticed Terence
  1003 | D:2      | Killed Terence
  1003 | D:2      | Reached XP level 5. HP: 36/42 MP: 5/5
  1794 | D:3      | Noticed Purgy
  1819 | D:3      | Killed Purgy
  1819 | D:3      | Reached XP level 6. HP: 8/49 MP: 6/6
  2099 | D:3      | Noticed Robin
  2146 | D:3      | Killed Robin
  2446 | D:3      | Reached skill level 5 in Shields
  2985 | D:4      | Reached XP level 7. HP: 36/55 MP: 7/7
  3538 | D:5      | Entered Level 5 of the Dungeon
  3586 | D:5      | Reached skill level 5 in Fighting
  3829 | D:5      | Reached XP level 8. HP: 38/62 MP: 8/8
  4400 | D:5      | Reached skill level 5 in Stealth
  5042 | D:6      | Noticed Blork the orc
  5054 | D:6      | Killed Blork the orc
  5298 | D:6      | Found a staircase to the Ecumenical Temple.
  5312 | Temple   | Entered the Ecumenical Temple
  5359 | Temple   | Became a worshipper of Uskayaw the Reveler
  5403 | D:6      | Reached * piety under Uskayaw
  5405 | D:6      | Reached ** piety under Uskayaw
  5476 | D:6      | Reached skill level 5 in Axes
  5476 | D:6      | Reached XP level 9. HP: 65/69 MP: 9/9
  5592 | D:6      | Found Fiumn's Jewellery Shop.
  5611 | D:6      | Reached *** piety under Uskayaw
  5617 | D:6      | Reached **** piety under Uskayaw
  5732 | D:6      | Found a shattered altar of Ashenzari.
  7119 | D:8      | Noticed Harold
  7135 | D:8      | Killed Harold
  7135 | D:8      | Reached skill level 5 in Dodging
  7135 | D:8      | Reached XP level 10. HP: 35/79 MP: 10/10
  7459 | D:8      | Reached ***** piety under Uskayaw
  7473 | D:8      | Reached ****** piety under Uskayaw
  8560 | D:9      | Noticed a two-headed ogre
  8566 | D:9      | Slain by a two-headed ogre

Levels and vault maps discovered:
D:1:      matt_arrival_refuge, layout_loops_ring
D:2:      layout_basic, uniq_terence
D:3:      kennysheep_six_static_rooms, layout_basic, serial_glass,
          glass_columns_c, glass_columns_a, glass_columns_a, first_ration,
          uniq_purgy, uniq_robin
D:4:      layout_basic
D:5:      layout_cave_pods
D:6:      layout_basic, kennysheep_mini_moat, minmay_temple_entry_wispy,
          serial_shops, shop_statue, chequers_mini_garden, uniq_blork_the_orc
D:7:      layout_basic, grunt_ogre_cave
D:8:      layout_cave_pods, uniq_harold
D:9:      layout_loops_ring, water_maze_lemuel
Temple:   roderic_octagonal_lattice_temple

Skill      XL: |  1  2  3  4  5  6  7  8  9 10 |
---------------+-------------------------------+-----
Shields        | 4 5 6 8 |  8.7
Stealth        | 1 2 3 4 5 7 8 |  8.4
Dodging        | 1 2 3 5 |  5.8
Fighting       | 4 5 6 7 8 |  8.0
Axes           | 3 4 5 6 |  6.9
Armour         | |  3.4

Action                   |  1- 3 |  4- 6 |  7- 9 | 10-12 || total
-------------------------+-------+-------+-------+-------++-------
Melee: War axe           |    73 |   198 |       |       ||   271
       Battleaxe         |       |    11 |   288 |    96 ||   395
  Use: Potion            |       |     1 |       |     1 ||     2
       Scroll            |       |       |    14 |       ||    14
 Stab: Sleeping          |       |       |     5 |     4 ||     9
       Paralysed         |       |       |     5 |     9 ||    14
  Eat: Chunk             |       |     7 |    13 |     1 ||    21
       Ration            |       |       |       |     1 ||     1
Armor: Scale mail        |    56 |     6 |       |       ||    62
       Ring mail         |       |    94 |   100 |    19 ||   213
Dodge: Dodged            |    28 |   105 |   130 |   103 ||   366
Block: Shield            |    24 |   147 |   171 |    79 ||   421

Table legend:
 A = Non-vault XP
 B = Vault XP
 C = Vault XP percentage of total XP
 D = Non-vault monster count
 E = Vault monster count
 F = Vault count percentage of total count
                 A         B        C        D         E       F
            +---------+---------+-------+---------+---------+-------
      Total |    4740 |    1424 |  23.1 |     186 |      24 |  11.4
            +---------+---------+-------+---------+---------+-------
        D:1 |      37 |       0 |   0.0 |      16 |       0 |   0.0
        D:2 |      91 |      38 |  29.5 |      25 |       1 |   3.8
        D:3 |      53 |     213 |  80.1 |      22 |      20 |  47.6
        D:4 |     242 |       0 |   0.0 |      20 |       0 |   0.0
        D:5 |     839 |       0 |   0.0 |      21 |       0 |   0.0
        D:6 |    1082 |     100 |   8.5 |      28 |       1 |   3.4
        D:7 |     407 |     118 |  22.5 |      16 |       1 |   5.9
        D:8 |    1624 |     955 |  37.0 |      31 |       1 |   3.1
        D:9 |     365 |       0 |   0.0 |       7 |       0 |   0.0
            +---------+---------+-------+---------+---------+-------
